 Dungeon Crawl Stone Soup version 0.26-a0-812-g31a745ddcd (webtiles) character file.

Game seed: 4147557125797764396

1337 Borgoz the Slasher (level 8, 0/69 HPs)
             Began as a Ghoul Monk on Dec 8, 2020.
             Was a Believer of Okawaru.
             Slain by Eustachio
             ... wielding a +0 rapier
              (2 damage)
             ... on level 4 of the Dungeon.
             The game lasted 00:08:03 (5927 turns).

Borgoz the Slasher (Ghoul Monk)                     Turns: 5927, Time: 00:08:04

Health: 0/69       AC:  8    Str: 17      XL:     8   Next: 61%
Magic:  10/10      EV: 11    Int:  5      God:    Okawaru [**....]
Gold:   383        SH:  5    Dex: 10 (11) Spells: 8/11 levels left

rFire    . . .     SeeInvis .   a - +1 falchion
rCold    + . .     Faith    .   (no shield)
rNeg     + + +     Spirit   .   o - +0 ring mail
rPois    ∞         Reflect  +   (no helmet)
rElec    .         Harm     .   n - +1 cloak
rCorr    .         Rampage  .   (no gloves)
MR       .....                  (no boots)
Stlth    ++........             u - amulet of reflection
HPRegen  0.00/turn              m - ring of stealth
MPRegen  0.12/turn              (no ring)

@: mighty
A: rotting body, claws 1, cold resistance 1, negative energy resistance 3,
inhibited regeneration, torment resistance, unbreathing
a: Heroism, Renounce Religion


You were on level 4 of the Dungeon.
You worshipped Okawaru.
Okawaru was pleased with you.
You visited 2 branches of the dungeon, and saw 7 of its levels.
You also visited: Sewer.

You collected 383 gold pieces.

Inventory:

Hand Weapons
 a - a +1 falchion (weapon)
Armour
 g - a +0 helmet
 n - a +1 cloak (worn)
 o - a +0 ring mail (worn)
Jewellery
 m - a ring of stealth (left claw)
 u - an amulet of reflection (around neck)
Wands
 l - a wand of flame (3)
 p - a wand of enslavement (7)
Scrolls
 c - 3 scrolls of remove curse
 d - a scroll of amnesia
 e - 2 scrolls of magic mapping
 q - 3 scrolls of enchant weapon
 w - 2 scrolls of teleportation
Potions
 f - a potion of haste {unknown}
 h - 3 potions of brilliance {unknown}
 i - 2 potions of resistance {unknown}
 k - 3 potions of flight
 t - 3 potions of might


   Skills:
 + Level 5.4 Fighting
 * Level 5.7 Long Blades
 * Level 4.8 Armour
 - Level 2.6 Dodging
 - Level 2.1 Stealth
 + Level 2.4 Spellcasting
 + Level 2.4 Hexes
 + Level 2.0 Invocations


You had 8 spell levels left.
You knew the following spells:

 Your Spells              Type           Power        Failure   Level
a - Confusing Touch       Hex            #.......     63%         3

Your spell library contained the following spells:

 Spells                   Type           Power        Failure   Level
 Gell's Gravitas          Tloc           #.........   91%         3
 Petrify                  Tmut/Erth      #.......     100%        4
 Metabolic Englaciation   Hex/Ice        #.........   100%        5
 Yara's Violent Unravell  Hex/Tmut       #.........   100%        5


Dungeon Overview and Level Annotations

Branches:
Dungeon (6/15)             Temple (1/1) D:4           Sewer (visited)

Altars:
Cheibriados
Dithmenos
Fedhas
Gozag
Kikubaaqudgha
Makhleb
Nemelex Xobeh
Okawaru
Ru
Vehumet
Xom
Yredelemnul
Zin

Annotations:
D:4 Eustachio


Innate Abilities, Weirdness & Mutations

Your body is rotting away.
You thrive by killing the living.
You are immune to poison.
You have sharp fingernails.
Your flesh is cold resistant. (rC+)
You are immune to negative energy. (rN+++)
You do not regenerate when monsters are visible.
You are immune to unholy pain and torment.
You can survive without breathing.


Message History

The bat hits you but does no damage. The bat barely misses you.
The bat misses you. Eustachio hits you with a +0 rapier.
* * * LOW HITPOINT WARNING * * *
You barely miss Eustachio.
Eustachio is severely wounded.
The bat barely misses you. Eustachio hits you with a +0 rapier.
* * * LOW HITPOINT WARNING * * *
You hit Eustachio but do no damage.
Eustachio is severely wounded.
The bat closely misses you.
Eustachio gestures wildly while chanting.
It was a potion of magic.
Magic courses through your body. The bat hits you but does no damage.
Eustachio asks, "How can you live without manners, virtues and honour?"
Eustachio casts a spell.
The shadow imp hits you but does no damage.
It was a potion of might.
You feel very mighty all of a sudden. The bat misses you.
Eustachio hits you with a +0 rapier.
You die...

#.# #.# #..#.##.......# #.#
#.# #.......#.##... #.# #.#
#..##...#....## #.# #.#
##............. #.# #.#
##.####(....## #.# #.# #.#
#.##### #.### #.# #.# #.#
#...# #.##### #.####.####
###.# #55@@5# #<........# #.#
#####># #########.# #.# #.#
#.# #.# #b# #.# #.#
#.######### #.# #.#
#.........###.### #.#
#..####....(.....
#.############.......#.#######
#......<........######........


You could see Eustachio, 2 white imps, a shadow imp (summoned) and a bat
(summoned).

Vanquished Creatures
  Pikel (D:5)
  An ice beast (D:5)
  An ogre (D:4)
  A phantom (D:4)
  A scorpion (D:4)
  2 howler monkeys
  A crimson imp (D:3)
  A hound (D:5)
  A bullfrog skeleton (D:4)
  A jelly (D:5)
  2 centaur skeletons
  2 worker ants
  14 adders
  3 river rats (Sewer)
  A shadow imp (D:5)
  An ufetubus (D:5)
  An ooze (D:3)
  An adder skeleton (D:4)
  6 worms
  4 dart slugs
  2 leopard geckos
  5 orcs
  3 ball pythons
  3 giant cockroaches
  8 goblins
  7 hobgoblins
  16 jackals
  11 kobolds
  A quokka (D:3)
  2 bats
  5 frilled lizards
  18 rats
127 creatures vanquished.

Notes
Turn   | Place    | Note
-------+----------+-------------------------------------------
     0 | D:1      | Borgoz the Ghoul Monk began the quest for the Orb.
     0 | D:1      | Reached XP level 1. HP: 19/19 MP: 0/0
    73 | D:1      | Reached XP level 2. HP: 26/26 MP: 1/1
   163 | D:1      | Reached skill level 1 in Armour
   359 | D:1      | Reached XP level 3. HP: 30/31 MP: 2/2
  1286 | D:2      | Reached XP level 4. HP: 40/40 MP: 3/3
  1680 | D:3      | Found a radiant altar of Vehumet.
  1681 | D:3      | Found a burning altar of Makhleb.
  1713 | D:3      | Reached XP level 5. HP: 30/46 MP: 4/4
  1889 | D:3      | Learned a level 3 spell: Confusing Touch
  2595 | D:4      | Noticed an ogre
  3000 | D:3      | Reached XP level 6. HP: 45/52 MP: 6/6
  3139 | D:4      | Noticed a phantom
  3201 | D:4      | Reached skill level 1 in Spellcasting
  3201 | D:4      | Reached skill level 1 in Hexes
  3214 | D:4      | HP: 2/53 [phantom (7)]
  3250 | D:4      | Killed a phantom
  3250 | D:4      | Reached XP level 7. HP: 10/60 MP: 7/7
  3473 | D:4      | Found a staircase to the Ecumenical Temple.
  3496 | Temple   | Entered the Ecumenical Temple
  3527 | Temple   | Became a worshipper of Warmaster Okawaru
  3527 | Temple   | Reached * piety under Okawaru
  3527 | Temple   | Reached ** piety under Okawaru
  4022 | D:5      | Entered Level 5 of the Dungeon
  4271 | D:5      | Reached skill level 5 in Long Blades
  4611 | D:6      | Found a glowing drain.
  4628 | Sewer    | Entered a sewer
  4843 | Sewer    | Reached skill level 1 in Invocations
  4845 | Sewer    | Reached skill level 5 in Fighting
  4845 | Sewer    | Reached XP level 8. HP: 55/68 MP: 10/10
  5301 | D:5      | Noticed Pikel
  5330 | D:5      | Noticed Eustachio
  5682 | D:5      | Killed Pikel
  5924 | D:4      | HP: 2/69 [Eustachio/+0 rapier (6)]
  5927 | D:4      | Slain by Eustachio

Illustrated notes

Levels and vault maps discovered:
D:1:      wander_arrival_fairy_ring, layout_rooms
D:2:      layout_basic, kennysheep_small_spiral,
          minmay_fractal_squares_gapless_5
D:3:      layout_basic, grunt_temple_overflow_lords_of_destruction
D:4:      layout_loops_ring, minmay_temple_entry_ruins
D:5:      layout_rooms, gammafunk_temple_overflow_claw, uniq_eustachio,
          uniq_pikel
D:6:      layout_basic, ashenzari_altar_1, gup_sewer_entry_bubbles,
          okawaru_trees_2, uniq_blork_the_orc
Temple:   jpeg_temple_clearing

Skill      XL: |  1  2  3  4  5  6  7  8 |
---------------+-------------------------+-----
Long Blades    | 3 4 5 |  5.7
Armour         | 1 2 3 4 |  4.8
Fighting       | 4 5 |  5.4
Spellcasting   | 1 2 |  2.4
Hexes          | 1 2 |  2.4
Invocations    | 1 2 |  2.0
Dodging        | |  2.6
Stealth        | |  2.1

Action                   |  1- 3 |  4- 6 |  7- 9 || total
-------------------------+-------+-------+-------++-------
Melee: Falchion          |    99 |   334 |   331 ||   764
Invok: Heroism           |       |       |     5 ||     5
Evoke: Wand              |       |     5 |    10 ||    15
  Use: Potion            |     1 |     4 |     9 ||    14
       Scroll            |       |       |    14 ||    14
 Stab: Sleeping          |     1 |       |     3 ||     4
Armor: Ring mail         |    22 |   124 |   169 ||   315
Dodge: Dodged            |    68 |   244 |   277 ||   589
Block: Other             |       |       |    66 ||    66
       Rpst.: Falchion   |    23 |    63 |    77 ||   163

Table legend: (Time is in decaauts)
 A = Elapsed time spent in this place.
 B = Non-inter-level travel time spent in this place.
 C = Inter-level travel time spent in this place.
 D = Time resting spent in this place.
 E = Time spent auto-exploring this place.
 F = Levels seen in this place.
 G = Mean time per level.
                   A        B        C        D        E       F      G
               +--------+--------+--------+--------+--------+-----+--------+
         Total |   6063 |   5877 |    186 |   1345 |   3032 |   8 |  757.9 |
       Dungeon |   5354 |   5198 |    156 |   1345 |   2510 |   6 |  892.3 |
        Temple |    120 |     90 |     30 |      0 |     85 |   1 |  120.0 |
         Sewer |    588 |    588 |      0 |      0 |    437 |   1 |  588.0 |
               +--------+--------+--------+--------+--------+-----+--------+

Top non-repeatable levels by time:
     D:3: 1545 daAuts
     D:4: 1325 daAuts
     D:2: 1074 daAuts
   Sewer: 588 daAuts
     D:5: 564 daAuts
     D:1: 487 daAuts
     D:6: 357 daAuts
  Temple: 120 daAuts
